AoeStats
← savageCGN

Black Forest

503444643Analyzed
4v4 RM · 1mo ago on Aug 31, 2026· 66m 46s· 8 players
Game mode
Random Map
Map size
Large (8 player)
Population
200
Speed
Normal
Resources
Standard
Victory
Conquest
Starting age
Dark Age
Ending age
Imperial Age
RankedLock teamsTeams togetherTeam positionsShared explorationLock speedFull tech treeHidden civsTurbo modeCheats
Victory
Defeat
🇩🇪 Dravidians · Germany
724
+11
🇩🇪 Franks · Germany
707
+12
🇩🇪 Mongols · Germany
705
+12
🇩🇪 Byzantines · Germany
603
+17
🇫🇷 Britons · France
656
-15
🇪🇸 Huns · Spain
636
-14
🇮🇹 Italians · Italy
599
-12
🇪🇸 Portuguese · Spain
595
-12
Gradubide_II
0:46 Loom
15:02 Feudal Age
15:22 Man-at-Arms
15:48 Arson
20:04 Town Watch
21:04 Horse Collar
21:11 Double-Bit Axe
24:09 Wheelbarrow
26:27 Gold Mining
26:28 Stone Mining
28:38 Forging
28:28 Scale Mail Armor
28:40 Padded Archer Armor
30:44 Scale Barding Armor
30:30 Fletching
35:46 Castle Age
37:46 Iron Casting
37:34 Long Swordsman
37:35 Pikeman
38:16 Squires
38:02 Gambesons
37:43 Elite Skirmisher
40:14 Chain Mail Armor
40:20 Chain Barding Armor
40:16 Leather Archer Armor
39:57 Bodkin Arrow
40:20 Heavy Plow
40:44 Bow Saw
42:18 Gold Shaft Mining
41:39 Heated Shot
42:10 Ballistics
41:44 Guard Tower
42:25 Caravan
43:23 Coinage
43:06 Crossbowman
47:40 Yeomen
47:29 Town Patrol
FedeSanta
0:30 Loom
14:51 Feudal Age
19:45 Double-Bit Axe
20:08 Horse Collar
20:33 Arson
20:09 Man-at-Arms
20:37 Fishing Lines
25:16 Castle Age
26:42 Wheelbarrow
27:07 Squires
28:59 Heavy Plow
29:29 Long Swordsman
Figue
0:29 Loom
16:55 Feudal Age
21:43 Castle Age
20:49 Horse Collar
21:02 Stone Mining
20:59 Double-Bit Axe
21:15 Gold Mining
29:43 Bloodlines
29:33 Husbandry
29:40 Husbandry
31:08 Forging
31:04 Scale Barding Armor
33:51 Imperial Age
33:44 Town Watch
34:02 Heavy Plow
34:16 Bow Saw
34:46 Gold Shaft Mining
34:26 Forging
34:21 Scale Barding Armor
34:57 Caravan
36:42 Wheelbarrow
37:08 Elite Tarkan
37:52 Marauders
39:28 Chemistry
38:49 Ballistics
39:14 Conscription
40:27 Hand Cart
40:50 Iron Casting
40:44 Chain Barding Armor
43:47 Blast Furnace
43:32 Plate Barding Armor
49:29 Town Patrol
KakiDomenee
1:31 Loom
12:47 Feudal Age
18:22 Gold Mining
18:22 Stone Mining
18:20 Double-Bit Axe
18:23 Horse Collar
24:29 Castle Age
28:31 Stone Shaft Mining
32:17 Wheelbarrow
31:48 Heavy Plow
32:04 Bow Saw
39:01 Imperial Age
37:01 Hand Cart
40:22 Crop Rotation
41:32 Conscription
42:53 Town Watch
42:44 Elite Organ Gun
45:23 Arquebus
47:18 Caravan
48:27 Two-Man Saw
55:23 Forging
55:14 Scale Mail Armor
55:19 Scale Barding Armor
56:24 Husbandry
56:38 Bloodlines
55:50 Cavalier
rafa20058
1:19 Loom
13:42 Feudal Age
14:09 Horse Collar
14:19 Double-Bit Axe
17:01 Wheelbarrow
21:36 Castle Age
20:47 Gold Mining
20:51 Stone Mining
22:38 Fishing Lines
23:43 Gold Shaft Mining
23:13 Heavy Plow
24:59 Bow Saw
28:03 Hand Cart
32:44 Imperial Age
30:33 Scale Barding Armor
30:28 Scale Mail Armor
30:29 Padded Archer Armor
30:33 Fletching
30:59 Elite Skirmisher
32:13 Ballistics
31:34 Treadmill Crane
31:47 Guard Tower
33:30 Stone Shaft Mining
35:01 Chemistry
33:47 Arrowslits
34:37 Caravan
35:21 Crop Rotation
35:42 Forging
35:27 Bodkin Arrow
36:50 Fortified Wall
36:36 Murder Holes
37:24 Bracer
37:59 Iron Casting
39:36 Hoardings
40:35 Leather Archer Armor
40:35 Chain Mail Armor
40:41 Chain Barding Armor
44:49 Keep
44:37 Bombard Tower
48:00 Elite Cataphract
48:54 Logistica
49:07 Conscription
57:05 Plate Mail Armor
57:05 Ring Archer Armor
57:11 Plate Barding Armor
savageCGN
4:21 Loom
13:05 Feudal Age
17:26 Castle Age
15:32 Double-Bit Axe
17:51 Fishing Lines
20:51 Bow Saw
20:39 Town Watch
22:53 Wheelbarrow
23:07 Town Patrol
24:16 Fletching
24:27 Horse Collar
25:27 Hand Cart
25:34 Gillnets
26:11 Heavy Plow
29:44 Pikeman
31:39 Bodkin Arrow
32:06 Scale Mail Armor
32:17 Forging
34:43 Imperial Age
32:34 Fortified Wall
32:35 Masonry
32:47 Ballistics
32:47 Caravan
33:52 Chain Mail Armor
35:44 Bracer
35:45 Padded Archer Armor
35:15 Halberdier
37:00 Chemistry
35:57 Murder Holes
37:11 Thumb Ring
36:29 Elite Skirmisher
36:39 Elite Elephant Archer
37:54 Conscription
37:46 Medical Corps
38:03 Leather Archer Armor
39:22 Two-Man Saw
40:28 Hoardings
40:19 Wootz Steel
40:34 Ring Archer Armor
40:40 Iron Casting
40:11 Scale Barding Armor
42:04 Husbandry
41:24 Light Cavalry
44:13 Two-Man Saw
43:11 Gold Mining
43:40 Squires
43:26 Gambesons
43:26 Arson
44:59 Coinage
44:40 Guilds
46:32 Heated Shot
48:04 Banking
52:44 Blast Furnace
52:05 Chain Barding Armor
gebratenenudel
2:45 Loom
6:19 Loom
11:03 Feudal Age
11:45 Horse Collar
17:35 Wheelbarrow
20:51 Castle Age
18:46 Gold Mining
19:22 Double-Bit Axe
19:55 Scale Barding Armor
20:03 Forging
20:03 Padded Archer Armor
19:55 Fletching
22:19 Hand Cart
25:00 Bow Saw
25:32 Heavy Plow
26:31 Caravan
27:04 Chain Barding Armor
27:47 Stone Mining
29:28 Stone Shaft Mining
30:36 Town Watch
30:17 Pikeman
30:57 Squires
35:38 Imperial Age
34:44 Iron Casting
34:25 Leather Archer Armor
34:06 Bodkin Arrow
34:11 Scale Mail Armor
34:42 Town Patrol
35:32 Ballistics
35:08 Murder Holes
36:04 Onager
36:57 Bracer
37:58 Blast Furnace
38:03 Siege Onager
38:49 Husbandry
39:45 Gold Shaft Mining
39:54 Hoardings
39:44 Drill
41:55 Elite Mangudai
44:32 Heavy Cavalry Archer
45:37 Parthian Tactics
45:34 Chain Mail Armor
56:56 Siege Engineers
57:53 Chemistry
57:06 Fortified Wall
57:07 Masonry
56:48 Guard Tower
59:46 Bloodlines
65:53 Plate Mail Armor
66:22 Elite Steppe Lancer
BerkusMaximus
1:51 Loom
14:54 Feudal Age
19:57 Castle Age
17:53 Double-Bit Axe
18:18 Scale Barding Armor
19:42 Gold Mining
19:43 Stone Mining
29:43 Imperial Age
28:38 Husbandry
28:42 Scale Mail Armor
29:30 Gold Shaft Mining
32:07 Chivalry
32:33 Chain Barding Armor
32:30 Chain Mail Armor
32:29 Fortified Wall
32:42 Bow Saw
34:24 Wheelbarrow
33:45 Cavalier
35:05 Plate Barding Armor
35:00 Plate Mail Armor
34:41 Forging
36:31 Caravan
37:18 Hand Cart
37:14 Paladin
41:02 Iron Casting
43:30 Blast Furnace
41:58 Elite Throwing Axeman
43:45 Pikeman
44:26 Squires
44:11 Arson
45:56 #83
46:03 Halberdier
48:21 Chemistry
47:42 Ballistics
Connection lost

Rejoining the realm…

Still unreachable

The connection could not be restored.

Session expired

The server has moved on; the page needs a fresh start.